 Dungeon Crawl Stone Soup version 0.27-a0-1090-gb115f176c6 (webtiles) character file.

Game seed: 3283393377874965883

4273 1player the Blocker (level 10, -2/76 HPs)
             Began as a Formicid Abyssal Knight on Apr 27, 2021.
             Was a Priest of Lugonu.
             Slain by a killer bee (4 damage)
             ... on level 8 of the Dungeon.
             The game lasted 00:26:19 (13089 turns).

1player the Blocker (Formicid Abyssal Knight)      Turns: 13089, Time: 00:26:19

Health: -2/76      AC: 11    Str: 21    XL:     10   Next: 57%
Magic:  9/16       EV:  8    Int: 11    God:    Lugonu [***...]
Gold:   345        SH:  5    Dex: 10    Spells: 9/9 levels left

rFire    . . .     SeeInvis +   b - +2 flail (protect)
rCold    . . .     Faith    .   n - +0 buckler
rNeg     + . .     Spirit   .   K - +0 chain mail
rPois    .         Reflect  .   (helmet unavailable)
rElec    .         Harm     .   (no cloak)
rCorr    .         Rampage  .   (no gloves)
Will     +....                  h - +1 pair of boots
Stlth    ..........             (no amulet)
HPRegen  0.22/turn              A - ring of positive energy
MPRegen  0.15/turn              (no ring)

@: no status effects
A: permanent stasis, dig shafts and tunnels, antennae 3, four strong arms
a: Dig, Shaft Self, Renounce Religion, Depart the Abyss, Bend Space, Banish


You were on level 8 of the Dungeon.
You worshipped Lugonu.
Lugonu was most pleased with you.
You visited 1 branch of the dungeon, and saw 9 of its levels.
You visited the Abyss 1 time.

You collected 345 gold pieces.

Inventory:

Hand Weapons
 a - a +1 hunting sling
 b - a +2 flail of protection (weapon)
 w - a +2 dagger of venom
Missiles
 k - 31 sling bullets
 y - 2 datura-tipped darts
 z - a throwing net
 H - a curare-tipped dart
 O - 2 atropa-tipped darts
 R - 17 poisoned darts
Armour
 d - a +0 ring mail
 h - a +1 pair of boots (worn)
 n - a +0 buckler (worn)
 F - a +0 kite shield
 K - a +0 chain mail (worn)
Jewellery
 A - a ring of positive energy (left hand)
Wands
 I - a wand of digging (4)
 P - a wand of iceblast (3)
 Q - a wand of acid (4)
Scrolls
 G - a scroll of silence {!r}
 M - a scroll of magic mapping
 N - a scroll of amnesia {unknown}
Potions
 c - 3 potions of cancellation
 f - a potion of degeneration {unknown}
 s - a potion of mutation {unknown}
 u - a potion of berserk rage {unknown}
 v - a potion of haste {unknown}
 x - a potion of flight {unknown}
 J - a potion of ambrosia {unknown}
 L - 2 potions of invisibility {unknown}


   Skills:
 - Level 6.1 Fighting
 - Level 7.4 Maces & Flails
 - Level 4.0 Slings
 + Level 4.6 Armour
 - Level 0.8 Dodging
 - Level 6.0 Stealth
 + Level 8.4 Shields
 - Level 8.0 Invocations


You had 9 spell levels left.
You didn't know any spells.
Your spell library contained the following spells:

 Spells                   Type           Power      Damage    Failure   Level
 Animate Skeleton         Necr           0%         N/A       97%         1
 Apportation              Tloc           0%         N/A       97%         1
 Corona                   Hex            0%         N/A       97%         1
 Summon Small Mammal      Summ           0%         N/A       97%         1


Dungeon Overview and Level Annotations

Branches:
Dungeon (9/15)             Temple (0/1) D:4
   Lair: D:8-11         Orc: D:9-12

Altars:
Cheibriados
Elyvilon
Fedhas
Gozag
Hepliaklqana
Kikubaaqudgha
Nemelex Xobeh
Okawaru
Qazlal
Uskayaw
Vehumet
Wu Jian
Yredelemnul
The Shining One

Shops:
D:2 [   D:3 =

Annotations:
D:3 1 runed translucent door, Crazy Yiuf


Innate Abilities, Weirdness & Mutations

You cannot be hasted, slowed, berserked, paralysed or teleported.
You can dig through walls and to a lower floor.
You have a pair of large antennae on your head. (SInv)
Your four strong arms can wield two-handed weapons with a shield.


Message History

Press: ? - help, Shift-Dir - straight line, f - komodo dragon
Aim: a komodo dragon (almost dead, covered in acid, chance to affect: 73%)
You fail to use your ability.
You feel sick. The killer bee barely misses you.
The komodo dragon barely misses you. The killer bee stings you.
* * * LOW HITPOINT WARNING * * *
Press: ? - help, Shift-Dir - straight line, f/p - komodo dragon
Aim: a komodo dragon (almost dead, covered in acid, chance to affect: 73%)
The komodo dragon is devoured by a tear in reality.
Lugonu claims a new guest.
You feel sick. You block the killer bee's attack.
The killer bee barely misses you.
You sock the killer bee!
Your weapon exudes an aura of protection.
The killer bee is heavily wounded.
You feel sick. You block the killer bee's attack. The killer bee stings you.
* * * LOW HITPOINT WARNING * * *
You completely miss the killer bee.
The killer bee is heavily wounded.
You feel sick. You block the killer bee's attack. x2
You barely miss the killer bee.
The killer bee is heavily wounded.
You feel sick.
The killer bee stings you but does no damage.
The killer bee barely misses you.
You miss the killer bee.
The killer bee is heavily wounded.
You feel sick.
You are no longer poisoned.
The killer bee stings you but does no damage.
The killer bee completely misses you.
You closely miss the killer bee.
The killer bee is heavily wounded.
You block the killer bee's attack. The killer bee stings you!
* * * LOW HITPOINT WARNING * * *
Press: ? - help, Shift-Dir - straight line, f - killer bee
Aim: a killer bee (heavily wounded, chance to affect: 90%)
The killer bee barely resists.
The killer bee stings you.
* * * LOW HITPOINT WARNING * * *
The killer bee stings you.
You die...

#.#.....####...................
###......................#.#.####
..............#...........)#.....
...........##....................
...........####.....#............
...........##....................
...........##...........#..######
...........##....ยง..#.#.#........
...........##...@y#.#.#)#........
...........##.....#.#.#.#.#.).###
...........##.....#.#.#..........
...........##.......#.#.###.#####
...........##..##...#...)......#
#############.......#..(.....#.##
#############...#...#..####......
................#...#....###.#.##
#############..##................


You could see a killer bee.

Vanquished Creatures
  A hornet (D:8)
  A wyvern (D:8)
  A water moccasin (D:6)
  A sky beast (D:7)
  An orc warrior (D:8)
  An ice beast (D:7)
  2 centaurs
  5 necrophages
  2 phantoms (D:6)
  A kobold brigand (D:7)
  3 bullfrogs (D:6)
  A gnoll sergeant (D:6)
  2 scorpions
  A water moccasin zombie (D:4)
  A wyvern skeleton (D:5)
  3 killer bees (D:8)
  3 howler monkeys
  A bullfrog zombie (D:6)
  5 hounds
  2 jellies (D:6)
  An orc priest (D:3)
  A gnoll shaman (D:5)
  2 centaur skeletons
  5 iguanas
  2 orc wizards
  A hound zombie (D:4)
  A howler monkey skeleton (D:7)
  13 gnolls
  6 adders
  2 shadow imps
  A white imp (D:7)
  An ufetubus (D:5)
  An adder zombie (D:4)
  14 orcs
  5 bats
  5 endoplasms
  3 giant cockroaches
  4 goblins
  11 hobgoblins
  19 jackals
  14 kobolds
  4 quokkas
  10 ball pythons
  4 frilled lizards
  8 rats
176 creatures vanquished.

Vanquished Creatures (others)
  4 demonic plants (D:3)
  5 fungi (D:3)
  7 plants
  2 withered plants (D:3)
18 creatures vanquished.

Grand Total: 194 creatures vanquished

Notes
Turn   | Place    | Note
-------+----------+-------------------------------------------
     0 | Abyss:1  | 1player the Formicid Abyssal Knight began the quest for the
                  | Orb.
     0 | Abyss:1  | Reached XP level 1. HP: 18/18 MP: 2/2
    69 | Abyss:1  | Noticed a mana viper
    73 | D:1      | Escaped the Abyss
   238 | D:1      | Reached skill level 1 in Stealth
   351 | D:1      | Reached * piety under Lugonu
   352 | D:1      | Reached XP level 2. HP: 21/24 MP: 3/3
   581 | D:1      | You fall into a shaft and drop 1 floor!
   695 | D:2      | Reached XP level 3. HP: 16/30 MP: 4/4
  1315 | D:1      | Reached ** piety under Lugonu
  1645 | D:1      | Reached XP level 4. HP: 37/37 MP: 5/5
  1808 | D:2      | Found Jugimyta's Armour Emporium.
  2604 | D:3      | Found a white marble altar of Elyvilon.
  2951 | D:3      | Reached XP level 5. HP: 28/43 MP: 6/6
  3136 | D:3      | Found Jailo's Jewellery Shop.
  3205 | D:3      | Reached skill level 5 in Fighting
  3303 | D:3      | Found a radiant altar of Vehumet.
  3377 | D:3      | Found a faded altar of an unknown god.
  3392 | D:3      | Reached skill level 1 in Shields
  3530 | D:3      | Found a basalt altar of Yredelemnul.
  3644 | D:3      | Found a runed translucent door.
  3645 | D:3      | Noticed Crazy Yiuf
  4306 | D:4      | Reached XP level 6. HP: 45/51 MP: 6/8
  4424 | D:4      | Found a blossoming altar of Fedhas.
  4424 | D:4      | Noticed a necrophage
  4424 | D:4      | Noticed a necrophage
  4424 | D:4      | Noticed a necrophage
  4752 | D:4      | Killed a necrophage
  4753 | D:4      | Reached XP level 7. HP: 57/57 MP: 8/10
  5172 | D:4      | Found a staircase to the Ecumenical Temple.
  5377 | D:4      | Reached skill level 5 in Stealth
  5506 | D:5      | Entered Level 5 of the Dungeon
  5722 | D:5      | Reached *** piety under Lugonu
  5807 | D:4      | Reached XP level 8. HP: 59/64 MP: 11/11
  5986 | D:5      | Reached skill level 5 in Invocations
  6453 | D:5      | Found a stormy altar of Qazlal.
  6550 | D:5      | Found an ornate altar of the Wu Jian Council.
  6681 | D:5      | Found an opulent altar of Gozag.
  6681 | D:5      | Found a snail-covered altar of Cheibriados.
  6874 | D:5      | Found a hide-covered altar of Uskayaw.
  6874 | D:5      | Found a hazy altar of Hepliaklqana.
  6880 | D:5      | Found a glowing golden altar of the Shining One.
  6882 | D:5      | Found an iron altar of Okawaru.
  6883 | D:5      | Found a sparkling altar of Nemelex Xobeh.
  7670 | D:5      | Reached XP level 9. HP: 30/66 MP: 15/15
  8774 | D:6      | Reached skill level 5 in Maces & Flails
 10180 | D:7      | Reached **** piety under Lugonu
 10907 | D:8      | Reached skill level 1 in Slings
 10907 | D:8      | Reached skill level 5 in Shields
 10907 | D:8      | Reached XP level 10. HP: 41/76 MP: 16/16
 11073 | D:8      | Noticed a two-headed ogre
 11087 | D:8      | Banished a two-headed ogre
 12126 | D:8      | Found an ancient bone altar of Kikubaaqudgha.
 13070 | D:9      | Noticed a komodo dragon
 13083 | D:8      | Banished a komodo dragon
 13089 | D:8      | HP: 2/76 [killer bee (4)]
 13089 | D:8      | Slain by a killer bee

Illustrated notes

Levels and vault maps discovered:
D:1:      evilmike_arrival_home_sweet_home, layout_loops_ring,
          minmay_misc_feat_enclosed, minmay_ruptured
D:2:      layout_basic, serial_shops, shop_statue
D:3:      layout_rooms, kennysheep_ying_yang, lemuel_round_altar, serial_shops,
          nicolae_shop_stone, shapermc_ecumenical_altar_gd, minmay_cupped,
          uniq_crazy_yiuf_cottage
D:4:      layout_basic, fedhas_altar_decomposition,
          minmay_temple_entry_antechambers, serial_corexii_hall,
          corexii_hall_statues_x, corexii_hall_statues_x,
          minmay_misc_feat_pillars, hangedman_decor_lopped, minmay_circle_x
D:5:      layout_basic, kennysheep_mini, nicolae_qazlal_general_emergency,
          chequers_temple_overflow_minitemple, grunt_temple_overflow_open,
          minmay_statues_item, chequers_mini_garden
D:6:      layout_cave_pools, st_stairs_2
D:7:      layout_rooms
D:8:      lemuel_ice_spiral_2, layout_basic, nicolae_kikubaaqudgha_miasma_corner
D:9:      layout_rooms, lemuel_round_altar, ebering_ghost_reflecting_pool,
          minmay_misc_feat_tower

Skill      XL: |  1  2  3  4  5  6  7  8  9 10 |
---------------+-------------------------------+-----
Stealth        | 1 2 3 4 6 |  6.0
Fighting       | 4 5 6 |  6.1
Shields        | 2 5 8 |  8.4
Invocations    | 4 8 |  8.0
Armour         | 4 |  4.6
Maces & Flails | 3 7 |  7.4
Slings         | 1 4 |  4.0
Dodging        | |  0.8

Action                   |  1- 3 |  4- 6 |  7- 9 | 10-12 || total
-------------------------+-------+-------+-------+-------++-------
Melee: Mace              |    35 |       |       |       ||    35
       Whip              |    81 |       |       |       ||    81
       Dagger            |    20 |   138 |   234 |    11 ||   403
       Flail             |       |       |   149 |    52 ||   201
 Fire: Hunting sling     |       |    27 |    69 |    18 ||   114
Invok: Depart the Abyss  |     1 |       |       |       ||     1
       Banish            |       |       |     1 |     4 ||     5
 Abil: Dig               |     8 |     2 |     5 |     1 ||    16
Evoke: Wand              |       |       |       |     4 ||     4
  Use: Scroll            |       |       |    10 |     1 ||    11
       Potion            |       |       |       |     2 ||     2
 Stab: Sleeping          |       |       |     2 |       ||     2
Armor: Ring mail         |    76 |    75 |   124 |       ||   275
       Chain mail        |       |       |    29 |    60 ||    89
Dodge: Dodged            |    93 |    91 |   186 |    54 ||   424
Block: Buckler           |       |    15 |    72 |    30 ||   117

Table legend: (Time is in decaauts)
 A = Elapsed time spent in this place.
 B = Non-inter-level travel time spent in this place.
 C = Inter-level travel time spent in this place.
 D = Time resting spent in this place.
 E = Time spent auto-exploring this place.
 F = Levels seen in this place.
 G = Mean time per level.
                   A        B        C        D        E       F      G
               +--------+--------+--------+--------+--------+-----+--------+
         Total |  13115 |  12456 |    659 |   4301 |   5266 |  10 | 1311.5 |
       Dungeon |  13041 |  12382 |    659 |   4301 |   5197 |   9 | 1449.0 |
         Abyss |     73 |     73 |      0 |      0 |     69 |   1 |   73.0 |
               +--------+--------+--------+--------+--------+-----+--------+

Top non-repeatable levels by time:
     D:5: 2832 daAuts
     D:8: 2212 daAuts
     D:4: 1869 daAuts
     D:2: 1551 daAuts
     D:6: 1454 daAuts
     D:1: 1351 daAuts
     D:7: 917 daAuts
     D:3: 813 daAuts
 Abyss:1: 73 daAuts
     D:9: 38 daAuts
